 Dungeon Crawl Stone Soup version 0.30.0-5-g1a98f26d00 (webtiles) character file.

Game seed: 4439577353935910914

153 hogiebunz the Shooter (level 5, -2/32 HPs)
             Began as a Kobold Hunter on May 12, 2023.
             Slain by an orc
             ... wielding a +0 short sword
              (5 damage)
             ... on level 6 of the Dungeon.
             The game lasted 00:04:14 (2929 turns).

hogiebunz the Shooter (Kobold Hunter)               Turns: 2929, Time: 00:04:15

Health: -2/32      AC:  4    Str:  8    XL:     5   Next: 61%
Magic:  5/5        EV: 20    Int: 11    God:
Gold:   108        SH:  0    Dex: 20    Spells: 4/4 levels left

rFire   . . .        a - +0 shortbow
rCold   . . .        (shield currently unavailable)
rNeg    . . .        c - +1 leather armour
rPois   .            (no helmet)
rElec   .            (no cloak)
rCorr   .            (no gloves)
SInv    +            (no boots)
Will    .....        i - amulet of the acrobat
Stlth   +++          m - +5 ring of evasion
HPRegen 0.25/turn    g - ring of see invisible
MPRegen 0.09/turn

%: acrobat
@: mighty
A: small, no large weapons, nightstalker 3
a: no special abilities


You were on level 6 of the Dungeon.
You visited 1 branch of the dungeon, and saw 4 of its levels.

You collected 108 gold pieces.

Inventory:

Hand Weapons
 a - a +0 shortbow (weapon)
Armour
 c - a +1 leather armour (worn)
Jewellery
 g - a ring of see invisible (right hand)
 i - an amulet of the acrobat (around neck)
 j - a ring of wizardry
 m - a +5 ring of evasion (left hand)
Scrolls
 b - 2 scrolls of immolation
 f - a scroll of blinking {unknown}
 k - a scroll of enchant weapon {unknown}
 n - a scroll of fear {unknown}
Potions
 d - 2 potions of might
 e - a potion of lignification
 h - a potion of resistance {unknown}
 l - a potion of haste


   Skills:
 + Level 3.2 Fighting
 * Level 6.7 Ranged Weapons
 + Level 3.7 Dodging
 + Level 3.3 Stealth


You had 4 spell levels left.
You didn't know any spells.
Your spell library contained the following spells:

 Spells                   Type           Power      Damage    Failure   Level
 Apportation              Tloc           0%         N/A       45%         1
 Magic Dart               Conj           0%         1d3       45%         1
 Necrotise                Necr           0%         1d4       45%         1
 Sandblast                Erth           0%         2d4       45%         1
 Summon Small Mammal      Summ           0%         N/A       45%         1
 Call Imp                 Summ           0%         N/A       61%         2
 Passwall                 Tmut/Erth      0%         N/A       61%         2
 Mephitic Cloud           Conj/Pois/Air  0%         N/A       83%         3
 Stone Arrow              Conj/Erth      0%         3d7       83%         3


Dungeon Overview and Level Annotations

Branches:
Dungeon (3/15)

Altars:

Shops:
D:1 =[:


Innate Abilities, Weirdness & Mutations

You are small and have problems with some larger weapons.
You are completely attuned to the shadows.


Message History

You feel very mighty all of a sudden. The orc completely misses you.
The orc barely misses you.
You shoot an arrow. The arrow closely misses the orc.
The orc wizard hits you but does no damage.
The orc misses you. x2
You shoot an arrow.
The arrow hits the orc but does no damage.
The orc wizard closely misses you. The orc barely misses you. x2
You shoot an arrow. The arrow hits the orc.
The orc is heavily wounded.
The orc wizard completely misses you. The orc barely misses you. x2
You shoot an arrow. The arrow closely misses the orc.
The orc wizard barely misses you. The orc misses you.
The orc completely misses you.
You shoot an arrow. The arrow hits the orc.
You kill the orc!
The orc wizard casts a spell.
The orc wizard flickers and vanishes for a moment.
The orc misses you. The orc closely misses you.
The orc wizard closely misses you.
You shoot an arrow. The arrow barely misses the orc wizard.
The orc wizard casts a spell at you. The magic dart hits you.
* * * LOW HITPOINT WARNING * * *
The orc hits you with a +0 short sword.
* * * LOW HITPOINT WARNING * * *
You shoot an arrow.
The arrow hits the orc wizard but does no damage.
The orc closely misses you.
The orc wizard hits you with a +0 dagger.
* * * LOW HITPOINT WARNING * * *
You shoot an arrow. The arrow barely misses the orc wizard.
The orc wizard misses you. The orc closely misses you.
You shoot an arrow. The arrow hits the orc wizard.
The orc wizard is moderately wounded.
The orc wizard misses you. The orc barely misses you.
You shoot an arrow. The arrow hits the orc wizard!
You kill the orc wizard!
The orc hits you but does no damage. The orc hits you with a +0 short sword.
You die...

### ...###
.....###
.......##
...).)..##
.......))##
.......o@.#
........#..#
............#
........#...
........#..
.......##
.......#
.......##
........#..


You could see an orc.

Vanquished Creatures
  An orc priest (D:6)
  Jessica (D:2)
  An orc wizard (D:6)
  Robin (D:2)
  2 adders
  A dart slug (D:1)
  3 orcs
  A bat (D:1)
  5 endoplasms
  5 giant cockroaches (D:1)
  3 hobgoblins
  3 quokkas
  8 ball pythons
  A frilled lizard (D:2)
  15 goblins
  5 kobolds
  3 rats (D:1)
59 creatures vanquished.

Notes
Turn   | Place    | Note
-------+----------+-------------------------------------------
     0 | D:1      | hogiebunz the Kobold Hunter began the quest for the Orb.
     0 | D:1      | Reached XP level 1. HP: 12/12 MP: 1/1
   143 | D:1      | Reached XP level 2. HP: 18/18 MP: 2/2
   530 | D:1      | Found Ukhleaqa's Book Boutique.
   533 | D:1      | Reached XP level 3. HP: 21/22 MP: 3/3
   553 | D:1      | Found Quczes's Jewellery Boutique.
   895 | D:1      | Found Joxuago's Antique Armour Emporium.
  1823 | D:2      | Reached XP level 4. HP: 27/27 MP: 4/4
  1929 | D:2      | Reached skill level 6 in Ranged Weapons
  1959 | D:2      | Noticed Jessica
  1970 | D:2      | Killed Jessica
  2315 | D:2      | Noticed Robin
  2318 | D:2      | Killed Robin
  2321 | D:2      | Reached XP level 5. HP: 32/32 MP: 5/5
  2891 | D:3      | You fall into a shaft and drop 3 floors!
  2929 | D:6      | Slain by an orc

Illustrated notes

Levels and vault maps discovered:
D:1:      roderic_dead_forest, layout_loops_ring, serial_shops,
          nicolae_shop_back_alley_shop, nicolae_shop_statue_plus,
          nicolae_shop_stone, minmay_ruptured
D:2:      layout_basic, uniq_jessica, uniq_robin
D:3:      layout_basic, overflow_temple_1_default,
          dreamdust_ecumenical_altar_sealed_demon
D:6:      layout_layer_cave, uniq_sigmund

Skill      XL: |  1  2  3  4 |
---------------+-------------+-----
Stealth        | 2 3 |  3.3
Dodging        | 3 |  3.7
Ranged Weapons | 6 |  6.7
Fighting       | 3 |  3.2

Action                     |  1- 3 |  4- 6 || total
---------------------------+-------+-------++-------
   Fire: Shortbow          |    84 |    71 ||   155
    Use: Scroll            |     1 |     3 ||     4
         Potion            |       |     1 ||     1
 Armour: Leather armour    |    10 |     8 ||    18
  Dodge: Dodged            |    54 |    41 ||    95
